 Dungeon Crawl Stone Soup version 0.22-a0-389-g8519d86 (webtiles) character file.

165 Iko the Skirmisher (level 5, -1/46 HPs)
             Began as a Centaur Wanderer on Apr 30, 2018.
             Slain by a bullfrog (6 damage)
             ... on level 6 of the Dungeon.
             The game lasted 00:09:43 (616 turns).

Iko the Skirmisher (Centaur Wanderer)                Turns: 616, Time: 00:09:43

Health: -1/46      AC:  9    Str: 15    XL:     5   Next: 22%
Magic:  5/5        EV:  4    Int: 10    God:
Gold:   21         SH:  0    Dex: 10    Spells: 4/4 levels left

rFire    x . .     SeeInvis .   a - +2 mace
rCold    + . .     Gourm    .   (no shield)
rNeg     . . .     Faith    .   e - +1 chain mail
rPois    .         Spirit   .   (no helmet)
rElec    .         Reflect  .   (no cloak)
rCorr    .         Harm     .   (no gloves)
MR       .....                  (no barding)
Stlth    ..........             (no amulet)
HPRegen  0.15/turn              i - ring of ice
MPRegen  0.09/turn              (no ring)

@: very slow
A: large, hooves 3, deformed body, speed 2, tough skin 3
a: no special abilities


You were on level 6 of the Dungeon.
You were not hungry.

You visited 1 branch of the dungeon, and saw 6 of its levels.

You collected 21 gold pieces.

Inventory:

Hand Weapons
 a - a +2 mace (weapon)
 c - a +0 club
 f - a +0 dagger
Armour
 b - a +0 ring mail
 e - a +1 chain mail (worn)
 j - a +0 ring mail
 k - a +0 chain mail
Jewellery
 i - a ring of ice (left hand)
Comestibles
 d - 2 rations


   Skills:
 + Level 3.8 Fighting
   Level 1.0(2.0) Axes
 + Level 2.8(2.9) Maces & Flails
 + Level 3.3 Armour
 + Level 0.1 Dodging
   Level 1.0 Shields
   Level 1.0 Evocations


You had 4 spell levels left.
You didn't know any spells.

Dungeon Overview and Level Annotations

Branches:
Dungeon (6/15)             Temple (0/1) D:6

Altars:

Annotations:
D:3 Mgcat's ghost, amateur GrTm


Innate Abilities, Weirdness & Mutations

You have hooves in place of feet.
Armour fits poorly on your strangely shaped body.
You cover ground very quickly.
You have extremely tough skin. (AC +3)


Message History

The bolt of electricity hits the plant.
The bolt of electricity hits you!
* * * LOW HITPOINT WARNING * * *
There is an open door here.
You enter the shallow water.
Moving in this stuff is going to be slow.
You see here a bullfrog corpse.
You open the door.
The electric eel shoots out a bolt of lightning at you!
The bolt of electricity hits the plant.
The bolt of electricity hits you!
* * * LOW HITPOINT WARNING * * *
You enter the shallow water.
Moving in this stuff is going to be slow.
You enter the shallow water.
Moving in this stuff is going to be slow.
You enter the shallow water.
Moving in this stuff is going to be slow.
The bullfrog hits you.
* * * LOW HITPOINT WARNING * * *
The bullfrog hits you.
You die...

.######.###.#.....#.P.≈≈#≈#
............#.....#$PP.(#≈#
#########.###≈...P#..≈≈/#≈#
#.# #(PPP$#≈≈.≈≈#≈# #.#
#.%.≈;##;;;##≈# #.#
#≈≈?≈≈######.##
#.####≈≈;##≈....##
#.##.#####≈######
#.#[.'.F@≈## #.#
##.#..####### #.#
#...........# #.#
######..########.####.##
...........## #.......#
.......#....### #.####..#
..............# #.# #..#
#.####.#....#.# #.# #..#
#.# #...#.##.# #.# #..#


You could see a bullfrog and an electric eel.

Vanquished Creatures
  A bullfrog (D:6)
  A howler monkey (D:6)
  An iguana (D:6)
  3 adders
  A worm (D:2)
  A ball python (D:1)
  A bat (D:1)
  A giant cockroach (D:1)
  2 goblins (D:1)
  A jackal (D:6)
  A quokka (D:6)
  A rat (D:1)
15 creatures vanquished.

Notes
Turn   | Place    | Note
-------+----------+-------------------------------------------
     0 | D:1      | Iko the Centaur Wanderer began the quest for the Orb.
     0 | D:1      | Iko set off with: a +2 mace, a +0 ring mail, a potion of lignification, a ration
     0 | D:1      | Reached XP level 1. HP: 19/19 MP: 1/1
   113 | D:2      | Reached XP level 2. HP: 22/26 MP: 2/2
   157 | D:3      | Noticed Mgcat's ghost (amateur GrTm)
   208 | D:5      | Entered Level 5 of the Dungeon
   291 | D:6      | Reached XP level 3. HP: 5/31 MP: 3/3
   355 | D:6      | Noticed a bullfrog
   360 | D:6      | HP: 1/31 [bullfrog (6)]
   463 | D:6      | Noticed a sky beast
   464 | D:6      | Found a staircase to the Ecumenical Temple.
   516 | D:6      | Reached XP level 4. HP: 26/40 MP: 4/4
   567 | D:6      | Noticed a bullfrog
   574 | D:6      | Killed a bullfrog
   574 | D:6      | Reached XP level 5. HP: 31/46 MP: 5/5
   616 | D:6      | Slain by a bullfrog

Vault maps used:
D:1:      dpeg_arrival_oval
D:2:      cheibrodos_old_hovel
D:3:      chequers_ecumenical_altar_island, first_ration,
          nicolae_dithmenos_through_a_glass_darkly
D:4:      uniq_eustachio, uniq_blork_the_orc
D:5:      marbit_many_paths, nicolae_ossuary_entry_giza
D:6:      cheibrodos_two_vegetables, minmay_temple_entry_glass

Skill      XL: |  1  2  3 |
---------------+----------+-----
Maces & Flails | 2 |  2.8
Armour         | 3 |  3.3
Fighting       | |  3.8
Axes           | |  1.0
Dodging        | |  0.1
Shields        | |  1.0
Evocations     | |  1.0

Action                   |  1- 3 |  4- 6 || total
-------------------------+-------+-------++-------
Melee: Mace              |    47 |    14 ||    61
       Kick              |     8 |     3 ||    11
  Use: Scroll            |     7 |       ||     7
       Potion            |     2 |       ||     2
Armor: Chain mail        |    42 |    15 ||    57
Dodge: Dodged            |    17 |     2 ||    19

Table legend:
 A = Spawn XP
 B = Non-spawn XP
 C = Spawn XP percentage of total XP
 D = Spawn monster count
 E = Non-spawn monster count
 F = Spawn count percentage of total count
 G = Total turns spent on level
                    A         B        C        D         E        F      G
               +---------+---------+-------+---------+---------+-------+---------
         Total |       0 |     237 |   0.0 |       0 |      15 |   0.0 |   616
               +---------+---------+-------+---------+---------+-------+---------
           D:1 |       0 |      10 |   0.0 |       0 |       6 |   0.0 |   102
           D:2 |       0 |      19 |   0.0 |       0 |       2 |   0.0 |    49
           D:6 |       0 |     208 |   0.0 |       0 |       7 |   0.0 |   387
               +---------+---------+-------+---------+---------+-------+---------
